 Dungeon Crawl Stone Soup version 0.18-a0-1040-g4865665 (webtiles) character file.

191 Reinor the Poker (level 5, -4/41 HPs)
             Began as a Centaur Gladiator on Jan 10, 2016.
             Slain by Reinor's ghost (11 damage)
             ... on level 3 of the Dungeon.
             The game lasted 00:13:14 (2898 turns).

Reinor the Poker (Centaur Gladiator)                Turns: 2898, Time: 00:13:14

Health: -4/41      AC:  5    Str: 19    XL:     5   Next: 42%
Magic:  14/14      EV:  9    Int:  7    God:
Gold:   128        SH:  0    Dex:  9    Spells: 0 memorised, 4 levels left

rFire  . . .     SeeInvis +     a - +0 trident
rCold  . . .     Gourm    .     b - +0 leather armour
rNeg   . . .     Faith    .     (no shield)
rPois  .         Spirit   .     c - +0 helmet
rElec  .         Dismiss  .     (no cloak)
rCorr  .         Reflect  .     (no gloves)
SustAt .         Harm     .     (no barding)
MR     .....                    (no amulet)
Stlth  ..........               n - ring of see invisible
                                i - ring of magical power

@: very quick, not resistant to hostile enchantments, extremely unstealthy
A: hooves 3, deformed body, speed 2, tough skin 3
a: no special abilities


You were on level 3 of the Dungeon.
You were hungry.

You visited 1 branch of the dungeon, and saw 3 of its levels.

You collected 128 gold pieces.

Inventory:

Hand Weapons
 a - a +0 trident (weapon)
Missiles
 d - 3 throwing nets
 k - 5 javelins (quivered)
Armour
 b - a +0 leather armour (worn)
 c - a +0 helmet (worn)
Jewellery
 i - a ring of magical power (left hand)
 n - a ring of see invisible (right hand)
Scrolls
 e - 4 scrolls of identify
 g - a scroll of enchant armour {unknown}
 j - a scroll of recharging {unknown}
Comestibles
 f - a bread ration
 m - a beef jerky


   Skills:
 - Level 2.0 Fighting
 + Level 5.6 Polearms
 - Level 2.1 Throwing
 - Level 2.1 Dodging


You had 4 spell levels left.
You didn't know any spells.

Dungeon Overview and Level Annotations

Branches:
Dungeon (3/15)

Altars:

Annotations:
D:3 Reinor's ghost, amateur CeGl


Innate Abilities, Weirdness & Mutations

You have hooves in place of feet.
Armour fits poorly on your strangely shaped body.
You cover ground very quickly.
You have extremely tough skin (AC +3).


Message History

Your kick misses Reinor's ghost.
Reinor's ghost is severely damaged.
Reinor's ghost completely misses you.
You closely miss Reinor's ghost.
Reinor's ghost is severely damaged.
Reinor's ghost hits you!
* * * LOW HITPOINT WARNING * * *
You hit Reinor's ghost.
You kick Reinor's ghost, but do no damage.
Reinor's ghost is almost destroyed.
Reinor's ghost closely misses you.
You hit Reinor's ghost.
You kick Reinor's ghost, but do no damage.
Reinor's ghost is almost destroyed.
Reinor's ghost hits you.
* * * LOW HITPOINT WARNING * * *
You hit Reinor's ghost but do no damage.
Reinor's ghost is almost destroyed.
Reinor's ghost hits you!
You die...

#### # #.. .#
############.######.###
..............)........
......#####..##.#W#.
####### ......#
#..##.@.# #.....#
......# #..##.÷.#
#.....# ......#
#..#....# #.....#
......#
#..#.#..#+###.....#
..#####
#.........W.......# #.#
#.##.#............#
#.##
#.##.##.........###
#..# #.##.##.........#
##.## #†##'##.........#


You could see Reinor's ghost.

Vanquished Creatures
  An orc priest (D:3)
  5 adders (D:2)
  4 gnolls (D:2)
  An ooze (D:2)
  3 worms (D:2)
  A giant gecko (D:1)
  6 orcs (D:3)
  3 giant cockroaches
  4 goblins
  4 hobgoblins
  11 jackals
  5 bats
  4 giant newts
  6 kobolds
  3 rats
61 creatures vanquished.

Notes
Turn   | Place    | Note
--------------------------------------------------------------
     0 | D:1      | Reinor the Centaur Gladiator began the quest for the Orb.
     0 | D:1      | Reached XP level 1. HP: 17/17 MP: 1/1
   144 | D:1      | Reached skill level 3 in Polearms
   152 | D:1      | Reached XP level 2. HP: 16/24 MP: 2/2
   863 | D:2      | Reached XP level 3. HP: 21/29 MP: 3/3
   902 | D:2      | Reached skill level 4 in Polearms
  1158 | D:2      | Reached XP level 4. HP: 18/36 MP: 4/4
  1740 | D:2      | Reached skill level 5 in Polearms
  2096 | D:2      | Reached XP level 5. HP: 35/41 MP: 5/5
  2110 | D:3      | Noticed Reinor's ghost (amateur CeGl)
  2586 | D:3      | HP: 1/41 [Reinor's ghost (9)]
  2898 | D:3      | Slain by Reinor's ghost

Vault maps used:
D:1:      sevenhm_arrival_forest_fort_small_5
D:2:      first_bread

Action                   |  1- 3 |  4- 6 || total
-------------------------+-------+-------++-------
Melee: Trident           |   117 |   116 ||   233
Throw: Javelin           |       |     3 ||     3
  Use: Scroll            |     5 |     1 ||     6
       Potion            |       |     3 ||     3
  Eat: Bread ration      |       |     1 ||     1
